 Dungeon Crawl Stone Soup version 0.30.1 (webtiles) character file.

Game seed: 13733493797873615265

6664 growler the Martial Artist (level 10, 0/71 HPs)
             Began as a Yellow Draconian Transmuter on July 12, 2023.
             Was an Initiate of Wu Jian.
             Shot with an arrow by a centaur warrior (17 damage)
             ... on level 9 of the Dungeon.
             The game lasted 00:27:47 (10044 turns).

growler the Martial Artist (DrTm)                  Turns: 10044, Time: 00:27:48

Health: 0/71       AC:  8    Str: 13    XL:     10   Next: 73%
Magic:  0/16       EV: 12    Int: 13    God:    Wu Jian [......]
Gold:   510        SH:  0    Dex: 16    Spells: 7/17 levels left

rFire   . .          .
                       - Unarmed
rCold   . . .        (no shield)
rNeg    . . .        (body armour unavailable)
rPois   .            (helmet restricted)
rElec   .            (no cloak)
rCorr   +            (no gloves)
SInv    .            r - +0 pair of boots
Will    .....        l - amulet of guardian spirit
Stlth   +            (no ring)
HPRegen 0.31/turn    (no ring)
MPRegen 0.15/turn

%: guardian spirit
@: short of breath
A: spit acid, AC +7, unfitting armour, cold-blooded, acid resistance
a: Breathe Acid, Renounce Religion


You were on level 9 of the Dungeon.
You worshipped Wu Jian.
Wu Jian was noncommittal.
You visited 2 branches of the dungeon, and saw 10 of its levels.

You collected 510 gold pieces.

Inventory:

Missiles
 u - 3 throwing nets
Armour
 r - a +0 pair of boots (worn)
Jewellery
 e - an amulet of reflection
 l - an amulet of guardian spirit (around neck)
 D - a ring of protection from fire
 G - a ring of magical power
 J - a +6 ring of strength
Wands
 a - a wand of charming (8)
 t - a wand of mindburst (11)
 A - a wand of roots (9)
 B - a wand of digging (5)
 H - a wand of acid (2)
Scrolls
 c - 4 scrolls of poison
 g - 9 scrolls of teleportation
 n - a scroll of fog
 o - 3 scrolls of noise
 p - 3 scrolls of enchant weapon
 q - a scroll of fear {unknown}
 s - a scroll of vulnerability
 v - a scroll of acquirement {unknown}
 x - a scroll of blinking {unknown}
 y - a scroll of immolation {unknown}
 C - a scroll of butterflies {unknown}
 K - a scroll of silence
Potions
 b - 2 potions of heal wounds
 d - a potion of invisibility
 f - 5 potions of curing
 h - a potion of magic {unknown}
 i - 2 potions of ambrosia {unknown}
 j - 4 potions of degeneration {unknown}
 k - 2 potions of attraction
 m - 2 potions of brilliance
 z - 2 potions of flight
 E - 2 potions of berserk rage
 F - a potion of might
 I - a potion of haste


   Skills:
 - Level 1.1 Fighting
 - Level 1.7 Dodging
 + Level 14.5 Unarmed Combat
 - Level 4.0 Spellcasting
 - Level 6.0 Transmutations
 - Level 4.0 Ice Magic


You had 7 spell levels left.
You knew the following spells:

 Your Spells              Type           Power      Damage    Failure   Level
a - Beastly Appendage     Tmut           36%        N/A       1%          1
b - Wereblood             Tmut           18%        N/A       2%          2
c - Spider Form           Tmut/Pois      10%        N/A       19%         3
d - Ice Form              Ice/Tmut       15%        N/A       26%         4

Your spell library contained the following spells:

 Spells                   Type           Power      Damage    Failure   Level
 Apportation              Tloc           4%         N/A       21%         1
 Necrotise                Necr           8%         1d4       21%         1
 Summon Small Mammal      Summ           8%         N/A       21%         1
 Vampiric Draining        Necr           2%         2d6       52%         3
 Animate Dead             Necr           2%         N/A       90%         4
 Agony                    Necr           2%         N/A       99%         5
 Borgnjor's Vile Clutch   Necr/Erth      1%         N/A       99%         5
 Death Channel            Necr           1%         N/A       100%        6


Dungeon Overview and Level Annotations

Branches:
Dungeon (9/15)             Temple (1/1) D:6            Lair (0/5) D:8
    Orc: D:9-12

Altars:
Ashenzari
Cheibriados
Dithmenos
Elyvilon
Fedhas
Gozag
Hepliaklqana
Kikubaaqudgha
Makhleb
Nemelex Xobeh
Okawaru
Qazlal
Ru
Trog
Vehumet
Wu Jian
Xom
Yredelemnul
Zin


Innate Abilities, Weirdness & Mutations

You can spit globs of acid.
Your golden yellow scales are hard. (AC +7)
You cannot fit into any form of body armour.
You are cold-blooded and may be slowed by cold attacks.
You are resistant to acid. (rCorr)


Message History

You feel yourself speed up.
You feel very sick. The hornet barely misses you. The hornet stings you!
* * * LOW HITPOINT WARNING * * *
You feel yourself slow down.
You feel better.
You feel yourself speed up.
Your surroundings suddenly seem different.
You start resting.
Your transformation is almost over.
You warm up again.
Your +0 pair of boots unmelds from your body.
You start resting.
Magic restored.
You start resting.
HP restored.
Things that are here:
a +0 halberd; a +0 chain mail
Things that are here:
a +0 dagger; a +0 robe The centaur warrior shouts!
The centaur warrior wields a +0 shortbow.
The centaur warrior shoots an arrow.
The arrow hits you!!
A centaur warrior is nearby!
The centaur warrior shoots an arrow.
The arrow hits you!!
The centaur warrior shoots an arrow.
The arrow completely misses you.
The centaur warrior shoots an arrow.
The arrow hits you!!
* * * LOW HITPOINT WARNING * * *
Casting: Ice Form (dangerous; 26% risk of failure)
Confirm with . or Enter, or press ? or * to list all spells.
You don't have enough magic to cast this spell.
Unknown command.
Press: ? - help, Shift-Dir - straight line, f - centaur warrior
Aim: a centaur warrior, wielding a +0 shortbow and quivering poisoned darts (74% to hit)
You spit a glob of acid.
The glob of acid hits the centaur warrior!
The acid corrodes the centaur warrior!
The centaur warrior is moderately wounded.
The centaur warrior shoots an arrow.
The arrow hits you!!
You die...

##.. ..# #.# #.
##.. ..# ### #.#
#. ##.. ... ..#
#.# #. #.## #.# #>
# ...# #.# #. ..
#..# #.# #. ...
#..##########.# #.
...
#............<###.
.. ..
#@####............
....#.##.#
#.###########
.........####.#
##....c.......#
##############


You could see a centaur warrior (corroded).

Vanquished Creatures
  Pikel (D:4)
  A deep elf pyromancer (D:9)
  Maurice (D:8)
  A gargoyle (D:8)
  A troll (D:7)
  A hornet (D:6)
  10 yaks
  A vampire mosquito (D:9)
  3 water moccasins
  3 orc warriors
  An ice beast (D:6)
  3 black bears
  2 ogres
  4 centaurs (D:9)
  A bullfrog (D:9)
  A kobold brigand (D:6)
  A gnoll sergeant (D:5)
  3 scorpions
  6 wights
  2 killer bees (D:9)
  2 howler monkeys (D:7)
  A lava snake (D:8)
  2 hounds
  A jelly (D:7)
  6 orc priests
  A gnoll bouda (D:8)
  A sleepcap (D:4)
  An iguana (D:4)
  Natasha (thrice) (D:2)
  5 orc wizards
  12 gnolls
  11 adders
  A shadow imp (D:5)
  5 white imps
  2 ufetubi (D:4)
  5 dart slugs
  19 orcs
  6 ball pythons
  7 endoplasms
  4 giant cockroaches (D:1)
  8 goblins
  11 hobgoblins
  4 jackals (D:2)
  12 kobolds
  4 quokkas
  8 bats
  A frilled lizard (D:1)
  5 rats
195 creatures vanquished.

Vanquished Creatures (others)
  A killer bee (D:9)
1 creature vanquished.

Grand Total: 196 creatures vanquished

Notes
Turn   | Place    | Note
-------+----------+-------------------------------------------
     0 | D:1      | growler the Draconian Transmuter began the quest for the
                  | Orb.
     0 | D:1      | Reached XP level 1. HP: 16/16 MP: 3/3
    91 | D:1      | Reached XP level 2. HP: 23/23 MP: 3/5
   505 | D:1      | Learned a level 2 spell: Wereblood
   588 | D:1      | Reached XP level 3. HP: 26/28 MP: 6/6
   747 | D:1      | Found a faded altar of an unknown god.
  1162 | D:1      | Learned a level 3 spell: Spider Form
  1359 | D:2      | Noticed Natasha
  1365 | D:2      | Killed Natasha
  1366 | D:2      | Reached XP level 4. HP: 21/35 MP: 4/8
  1522 | D:2      | Noticed Natasha
  1533 | D:2      | Killed Natasha
  1534 | D:2      | Reached skill level 4 in Unarmed Combat
  1786 | D:2      | Found a burning altar of Makhleb.
  2031 | D:2      | Noticed Natasha
  2065 | D:2      | Killed Natasha
  2066 | D:2      | Reached XP level 5. HP: 34/40 MP: 2/9
  2073 | D:2      | Learned a level 4 spell: Ice Form
  2723 | D:3      | Found a radiant altar of Vehumet.
  2978 | D:4      | Noticed a black bear
  2990 | D:4      | Killed a black bear
  2991 | D:4      | Reached XP level 6. HP: 44/47 MP: 6/10
  3155 | D:4      | Reached skill level 5 in Unarmed Combat
  3609 | D:4      | Reached skill level 5 in Transmutations
  3919 | D:5      | Entered Level 5 of the Dungeon
  4122 | D:5      | Noticed Pikel
  4124 | D:5      | Noticed a water moccasin
  4140 | D:4      | Killed Pikel
  4141 | D:4      | Reached skill level 7 in Unarmed Combat
  4141 | D:4      | Your scales start taking on a golden yellow colour.
  4141 | D:4      | Reached XP level 7. HP: 34/52 MP: 5/11
  4141 | D:4      | Gained mutation: You are resistant to acid. (rCorr) [Yellow
                  | Draconian growth]
  4209 | D:5      | Reached skill level 8 in Unarmed Combat
  4209 | D:5      | Reached XP level 8. HP: 28/59 MP: 12/12
  4572 | D:5      | You fall into a shaft and drop 2 floors!
  4877 | D:7      | Noticed a troll
  4889 | D:7      | Killed a troll
  4890 | D:7      | Reached skill level 9 in Unarmed Combat
  5094 | D:5      | Found a burning altar of Makhleb.
  5401 | D:5      | Reached skill level 10 in Unarmed Combat
  5569 | D:6      | Noticed a hornet
  6425 | D:6      | Killed a hornet
  6426 | D:6      | Reached XP level 9. HP: 51/64 MP: 4/13
  6429 | D:6      | Reached skill level 1 in Ice Magic
  6614 | D:6      | Found a staircase to the Ecumenical Temple.
  6636 | Temple   | Entered the Ecumenical Temple
  6879 | D:6      | Found an opulent altar of Gozag.
  7185 | D:7      | Reached skill level 11 in Unarmed Combat
  7566 | D:7      | Found an ornate altar of the Wu Jian Council.
  7567 | D:7      | Found a blossoming altar of Fedhas.
  7572 | D:7      | Became a worshipper of the Wu Jian Council
  7946 | D:8      | Noticed a gargoyle
  7954 | D:8      | Killed a gargoyle
  7955 | D:8      | Reached skill level 12 in Unarmed Combat
  8014 | D:8      | Noticed Maurice
  8034 | D:8      | Killed Maurice
  8035 | D:8      | Reached XP level 10. HP: 37/71 MP: 7/16
  8198 | D:8      | Reached skill level 13 in Unarmed Combat
  8834 | D:8      | Found a staircase to the Lair.
  9714 | D:9      | Noticed a boulder beetle
  9721 | D:9      | Noticed a deep elf pyromancer
  9723 | D:9      | Noticed a centaur warrior
  9729 | D:9      | Reached skill level 14 in Unarmed Combat
  9735 | D:9      | Killed a deep elf pyromancer
 10044 | D:9      | Shot with an arrow by a centaur warrior

Illustrated notes

Levels and vault maps discovered:
D:1:      spicycebolla_arrival_clurvy, layout_loops_corners,
          ebering_ecumenical_altar_box
D:2:      layout_loops_ring, basic_altar, uniq_natasha
D:3:      layout_basic, nicolae_overflow_hidden_temple, hex_medium,
          mrwooster_statue_mirror
D:4:      layout_basic
D:5:      layout_cave_pools, mainiacjoe_overflow_concentric_impassable,
          serial_park_tiny_1, uniq_pikel
D:6:      layout_rooms, grunt_gozag_breadcrumbs, minmay_temple_entry_offerings
D:7:      layout_gridville, gammafunk_temple_overflow_statue
D:8:      layout_loops_ring, lair_entry_dummy, grunt_ogre_cave, kennysheep_dice,
          uniq_maurice
D:9:      layout_loops_ring, mainiacjoe_overflow_cross_hatched,
          minmay_mirror_moons_of_madness
Temple:   nicolae_temple_great_sept

Skill      XL: |  1  2  3  4  5  6  7  8  9 10 |
---------------+-------------------------------+-----
Transmutations | 3 4 5 6 |  6.0
Unarmed Combat | 4 7 8 10 12 14 | 14.5
Spellcasting   | 3 4 |  4.0
Ice Magic      | 4 |  4.0
Fighting       | |  1.1
Dodging        | |  1.7

Action                     |  1- 3 |  4- 6 |  7- 9 | 10-12 || total
---------------------------+-------+-------+-------+-------++-------
  Melee: Unarmed           |   114 |   193 |   201 |    90 ||   598
         Kick              |    15 |    34 |     6 |       ||    55
         Headbutt          |     8 |    16 |     3 |       ||    27
         Tailslap          |     9 |    24 |    12 |     3 ||    48
         Punch             |     2 |     4 |     4 |     1 ||    11
   Cast: Beastly Appendage |    16 |    19 |     3 |       ||    38
         Spider Form       |       |     2 |    12 |       ||    14
         Wereblood         |       |     1 |     3 |     3 ||     7
         Ice Form          |       |       |     2 |     5 ||     7
Ability: Breathe Acid      |       |       |     8 |     2 ||    10
         Lunge             |       |       |     3 |    10 ||    13
  Evoke: Wand              |       |       |     3 |       ||     3
    Use: Potion            |     1 |     5 |       |     1 ||     7
         Scroll            |       |     7 |     4 |     5 ||    16
   Stab: Sleeping          |     1 |     3 |       |       ||     4
 Armour: Skin              |    38 |    73 |    39 |    22 ||   172
  Dodge: Dodged            |    73 |   120 |   148 |    51 ||   392
